 Dungeon Crawl Stone Soup version 0.28-a0-1404-g4df0f3684d (webtiles) character file.

Game seed: 2472354808719235552

2724 kae the Transmogrifier (level 9, -15/76 HPs)
             Began as a Yellow Draconian Transmuter on Jan 5, 2022.
             Was a Follower of Ru.
             Demolished by a red devil (16 damage)
             ... summoned by a kobold demonologist
             ... on level 8 of the Dungeon.
             The game lasted 00:09:15 (11404 turns).

kae the Transmogrifier (DrTm)                      Turns: 11404, Time: 00:09:15

Health: -15/76     AC:  8    Str: 19    XL:     9   Next: 40%
Magic:  16/18      EV: 10    Int: 18    God:    Ru [*.....]
Gold:   169        SH:  0    Dex: 11    Spells: 13/21 levels left

rFire   x . .      SeeInvis .     - Unarmed
rCold   + + +      Faith    .   (shield currently unavailable)
rNeg    + . .      Spirit   .   (armour unavailable)
rPois   +          Reflect  .   (helmet currently unavailable)
rElec   .          Harm     .   (cloak currently unavailable)
rCorr   .          Rampage  .   (gloves currently unavailable)
Will    .....                   (boots currently unavailable)
Stlth   +.........              (no amulet)
HPRegen 0.22/turn               w - +6 ring of strength
MPRegen 0.16/turn               p - ring of positive energy

@: ice-form, spiked, unable to drink
A: freezing attack, amphibious, boosted hp, (spit acid), AC +7, large, unfitting
armour, (cold-blooded), inability to drink while threatened, (acid resistance)
a: End Transformation, Renounce Religion


You were on level 8 of the Dungeon.
You worshipped Ru.
Ru was aware of your devotion.
You were a creature of crystalline ice.
You visited 2 branches of the dungeon, and saw 9 of its levels.

You collected 338 gold pieces.
You spent 169 gold pieces at shops.

Inventory:

Armour
 k - a +0 pair of gloves (melded)
Jewellery
 p - a ring of positive energy (right front paw)
 t - the ring of Dimioppa {Fly rPois rCorr Int+3 Slay-3}
   (You found it on level 5 of the Dungeon)

   [ring of poison resistance]

   Int:       It affects your intelligence (+3).
   Slay:      It affects your accuracy & damage with ranged weapons and melee
   (-3).
   rPois:     It protects you from poison.
   Fly:       It grants you flight.
   rCorr:     It protects you from acid and corrosion.
 w - a +6 ring of strength (left front paw)
 A - a ring of ice
Wands
 u - a wand of acid (10)
Scrolls
 g - 7 scrolls of teleportation
 i - 2 scrolls of holy word
 j - a scroll of enchant armour
 m - a scroll of noise
 v - a scroll of torment
 x - a scroll of fog
 y - a scroll of identify
Potions
 a - a potion of invisibility
 b - a potion of berserk rage
 c - 3 potions of curing
 d - 2 potions of mutation
 e - 2 potions of magic
 f - 2 potions of haste
 h - a potion of ambrosia
 l - 3 potions of flight
 n - a potion of cancellation {unknown}
 o - a potion of brilliance {unknown}
 q - 3 potions of heal wounds
 r - a potion of lignification
 s - 2 potions of degeneration
 z - a potion of resistance {unknown}


   Skills:
 - Level 1.1 Fighting
 - Level 1.7 Dodging
 - Level 3.0 Unarmed Combat
 + Level 6.5 Spellcasting
 * Level 9.9 Transmutations
 - Level 5.0 Ice Magic
 - Level 1.0 Poison Magic


You had 13 spell levels left.
You knew the following spells:

 Your Spells              Type           Power      Damage    Failure   Level
a - Beastly Appendage     Tmut           82%        N/A       1%          1
b - Spider Form           Tmut/Pois      25%        N/A       3%          3
c - Ice Form              Ice/Tmut       32%        N/A       5%          4

Your spell library contained the following spells:

 Spells                   Type           Power      Damage    Failure   Level
 Wereblood                Tmut           41%        N/A       1%          2
 Frozen Ramparts          Ice            46%        1d6       4%          3
 Foxfire                  Conj/Fire      20%        2x1d5     12%         1
 Poisonous Vapours        Pois/Air       14%        N/A       14%         2
 Petrify                  Tmut/Erth      23%        N/A       16%         4
 Blink                    Tloc           10%        N/A       17%         2
 Corpse Rot               Necr/Air       10%        N/A       17%         2
 Sublimation of Blood     Necr           5%         N/A       17%         2
 Conjure Flame            Conj/Fire      5%         6-21      34%         3
 Inner Flame              Hex/Fire       5%         N/A       34%         3
 Lesser Beckoning         Tloc           5%         N/A       34%         3
 Summon Ice Beast         Ice/Summ       14%        N/A       38%         4
 Irradiate                Conj/Tmut      11%        3d17      38%         5
 Flame Wave               Conj/Fire      5%         2d4       75%         4
 Manifold Assault         Tloc           5%         N/A       97%         5


Dungeon Overview and Level Annotations

Branches:
Dungeon (8/15)             Temple (1/1) D:4
   Lair: D:8-11

Altars:
Ashenzari
Cheibriados
Dithmenos
Elyvilon
Gozag
Hepliaklqana
Kikubaaqudgha
Makhleb
Nemelex Xobeh
Okawaru
Qazlal
Ru
Trog
Uskayaw
Wu Jian
Xom
Yredelemnul
Zin
The Shining One

Shops:
D:4 !   D:6 *

Annotations:
D:3 1 runed translucent door, Crazy Yiuf


Innate Abilities, Weirdness & Mutations

You are a creature of crystalline ice.
You have a powerful freezing melee attack.
You are amphibious.
Your maximum health is increased.
Your armour is entirely melded.
You are incapable of wielding weapons or throwing items.
((You can spit globs of acid.))
((Your golden yellow scales are hard. (AC +7)))
You cannot fit into any form of body armour.
((You are cold-blooded and may be slowed by cold attacks.))
You sometimes lose the ability to drink potions when taking damage.
((You are resistant to acid. (rCorr)))


Message History

Confirm with . or Enter, or press ? or * to list all spells.
You turn into a creature of crystalline ice.
Your +0 pair of gloves melds into your body.
The kobold demonologist shouts!
The kobold demonologist zaps a wand.
Your mind is blasted!
You barely miss the kobold demonologist.
The kobold demonologist mumbles some strange words.
You closely miss the kobold demonologist.
The kobold demonologist hits you with a +0 dagger of venom.
You feel threatened and lose the ability to drink potions!
The red devil is stunned by your conviction and fails to attack.
You punch the kobold demonologist! You freeze the kobold demonologist.
The kobold demonologist is moderately wounded.
The kobold demonologist closely misses you.
The red devil hits you with a +0 demon trident of flaming!
Barbed spikes become lodged in your body.
The red devil melts you.
You hit the kobold demonologist. You freeze the kobold demonologist.
The kobold demonologist is moderately wounded.
The kobold demonologist gestures wildly while chanting.
The red devil hits you with a +0 demon trident of flaming!
* * * LOW HITPOINT WARNING * * *
Barbed spikes become lodged in your body.
The red devil melts you!
* * * LOW HITPOINT WARNING * * *
You barely miss the kobold demonologist.
The kobold demonologist is moderately wounded.
You redirect the kobold demonologist's attack!
The kobold demonologist casts a spell.
The red devil hits you with a +0 demon trident of flaming!
* * * LOW HITPOINT WARNING * * *
Barbed spikes become lodged in your body.
The red devil melts you.
* * * LOW HITPOINT WARNING * * *
The quasit gives a chilling moan.
The crimson imp shouts!
The iron imp shouts!
You punch the kobold demonologist! You freeze the kobold demonologist.
The kobold demonologist is severely wounded.
The kobold demonologist zaps a wand.
You struggle to resist.
The red devil hits you with a +0 demon trident of flaming!
You die...

#.....................).......#
#.....................†.......#
#.....................<.##....#
###..##...###.##.######'##....#
###..##...###>##.####...##....#
†'.................5.....#....#
.#.............3.........'....#
.#.............45K.5.....#....#
###..###..###.##Y##.##..###...#
####'###### .##.##.#######...#
.........(# #............ ..
..........# #............
#..##.##..# ##.)#..#.....
#..##.##..######..#########
...................#
...................#
..###.##..##..###.#############


You could see a kobold demonologist, a sixfirhy (summoned), a red devil
(summoned), an iron imp (summoned), a quasit (summoned) and a crimson imp
(summoned).

Vanquished Creatures
  A wyvern (D:7)
  Menkaure (D:4)
  A water moccasin (D:5)
  An acid dragon (D:8)
  Duvessa (D:7)
  A sky beast (D:8)
  A centaur (D:6)
  A kobold brigand (D:6)
  2 bullfrogs
  A gnoll sergeant (D:5)
  3 scorpions
  Dowan (D:7)
  6 killer bees
  5 wights
  2 howler monkeys
  A centaur zombie (D:8)
  A bullfrog zombie (D:6)
  A bullfrog skeleton (D:6)
  3 hounds
  A gnoll shaman (D:5)
  6 orc priests
  A centaur skeleton (D:6)
  Terence (D:3)
  2 iguanas
  2 orc wizards
  A killer bee zombie (D:8)
  A howler monkey zombie (D:3)
  9 gnolls
  6 adders
  A shadow imp (D:5)
  A white imp (D:6)
  2 ufetubi
  An adder skeleton (D:5)
  4 worms
  2 dart slugs (D:1)
  18 orcs
  5 endoplasms
  4 giant cockroaches
  8 hobgoblins
  7 jackals (D:3)
  6 quokkas
  7 ball pythons
  3 bats
  8 frilled lizards
  13 goblins
  15 kobolds
  6 rats
175 creatures vanquished.

Vanquished Creatures (others)
  A phantom (D:7)
  An iguana (D:5)
  An adder (D:5)
  An orc (D:5)
4 creatures vanquished.

Grand Total: 179 creatures vanquished

Notes
Turn   | Place    | Note
-------+----------+-------------------------------------------
     0 | D:1      | kae the Draconian Transmuter began the quest for the Orb.
     0 | D:1      | Reached XP level 1. HP: 16/16 MP: 3/3
   305 | D:1      | Reached XP level 2. HP: 17/23 MP: 5/5
   531 | D:1      | Found a faded altar of an unknown god.
   815 | D:1      | Reached skill level 3 in Transmutations
   953 | D:1      | Reached XP level 3. HP: 27/28 MP: 4/6
   957 | D:1      | Learned a level 3 spell: Spider Form
  1107 | D:1      | You fall into a shaft and drop 1 floor!
  1864 | D:2      | Reached skill level 1 in Poison Magic
  2697 | D:1      | Reached XP level 4. HP: 35/35 MP: 4/8
  3264 | D:3      | Learned a level 4 spell: Ice Form
  3278 | D:3      | Reached skill level 4 in Transmutations
  3312 | D:3      | Reached skill level 1 in Ice Magic
  3371 | D:3      | Reached XP level 5. HP: 39/40 MP: 6/9
  3658 | D:3      | Found a runed translucent door.
  3659 | D:3      | Noticed Crazy Yiuf
  3842 | D:3      | Noticed Terence
  3855 | D:3      | Killed Terence
  4319 | D:4      | Noticed Menkaure
  4333 | D:4      | Killed Menkaure
  4334 | D:4      | Reached XP level 6. HP: 28/47 MP: 5/11
  4523 | D:4      | Found a sacrificial altar of Ru.
  4998 | D:4      | Found a staircase to the Ecumenical Temple.
  5104 | D:4      | Found Ijod's Distillery.
  5141 | Temple   | Entered the Ecumenical Temple
  5324 | D:4      | Became a worshipper of Ru the Awakened
  5337 | D:4      | Found a burning altar of Makhleb.
  5339 | D:4      | Found a glowing silver altar of Zin.
  5423 | D:4      | Found an iron altar of Okawaru.
  5423 | D:4      | Found an ornate altar of the Wu Jian Council.
  5525 | D:4      | Bought a potion of heal wounds for 65 gold pieces
  5525 | D:4      | Bought a potion of lignification for 39 gold pieces
  5525 | D:4      | Bought a potion of degeneration for 13 gold pieces
  5821 | D:5      | Entered Level 5 of the Dungeon
  5830 | D:5      | Reached skill level 5 in Transmutations
  6041 | D:5      | Your scales start taking on a golden yellow colour.
  6041 | D:5      | Reached XP level 7. HP: 39/52 MP: 3/12
  6041 | D:5      | Gained mutation: You are resistant to acid. (rCorr) [Yellow
                  | Draconian growth]
  6658 | D:5      | Identified the ring of Dimioppa {Fly rPois rCorr Int+3
                  | Slay-3}
  6963 | D:5      | Found a shimmering altar of Xom.
  7151 | D:5      | Reached skill level 6 in Transmutations
  7650 | D:6      | Reached XP level 8. HP: 59/59 MP: 14/14
  7706 | D:6      | Reached skill level 5 in Ice Magic
  7880 | D:6      | Gained mutation: You sometimes lose the ability to drink
                  | potions when taking damage. [Ru sacrifice]
  7880 | D:6      | Reached * piety under Ru
  7962 | D:6      | Found Neofeg's Assorted Antiques.
  7970 | D:6      | Bought a scroll labelled POABEF GEIH for 26 gold pieces
  7970 | D:6      | Bought a scroll labelled WOWNOU QACIUV for 26 gold pieces
  8498 | D:6      | Reached skill level 7 in Transmutations
  8713 | D:7      | Noticed Duvessa
  8717 | D:7      | Noticed Dowan
  8728 | D:7      | Killed Duvessa
  8735 | D:7      | Killed Dowan
  8736 | D:7      | Reached skill level 5 in Spellcasting
  9109 | D:7      | Reached skill level 8 in Transmutations
  9956 | D:7      | Reached XP level 9. HP: 64/64 MP: 10/17
 10213 | D:7      | Found a hazy altar of Hepliaklqana.
 10305 | D:7      | Reached skill level 9 in Transmutations
 11041 | D:8      | Noticed a kobold demonologist
 11042 | D:8      | HP: 1/76 [acid dragon (5)]
 11043 | D:8      | Noticed a hellwing
 11045 | D:8      | Noticed a rust devil
 11400 | D:8      | Noticed a red devil
 11403 | D:8      | Noticed a sixfirhy
 11403 | D:8      | HP: 1/76 [red devil[a kobold demonologist] (3)]
 11404 | D:8      | Demolished by a red devil

Illustrated notes

Levels and vault maps discovered:
D:1:      minmay_arrival_shoal_huts, layout_loops_cross, serial_glass,
          glass_columns_c, glass_columns_b, basic_ecumenical_altar
D:2:      minmay_general_purpose_star, layout_basic
D:3:      layout_basic, uniq_crazy_yiuf_cottage, uniq_terence
D:4:      minmay_inner_zag, layout_basic, nicolae_overflow_hidden_temple,
          nicolae_ru_sacrificial_ziggurat, minmay_temple_entry_fiery,
          serial_shops, nicolae_shop_waterfront, uniq_menkaure
D:5:      layout_basic, xom_confusion_cloud
D:6:      layout_rooms, serial_shops, shop, serial_corexii_hall,
          corexii_hall_statues_deadend, chequers_hall_statues_corner_a
D:7:      layout_basic, nzn_hepliaklqana_mist_gate, minmay_holes, uniq_duvessa
D:8:      layout_gridville
Temple:   minmay_temple_bridge_abc

Skill      XL: |  1  2  3  4  5  6  7  8  9 |
---------------+----------------------------+-----
Transmutations | 3 4 5 6 8 9 |  9.9
Poison Magic   | 1 |  1.0
Spellcasting   | 3 4 5 6 |  6.5
Ice Magic      | 1 2 3 4 5 |  5.0
Fighting       | |  1.1
Dodging        | |  1.7
Unarmed Combat | |  3.0

Action                   |  1- 3 |  4- 6 |  7- 9 || total
-------------------------+-------+-------+-------++-------
Melee: Unarmed           |   143 |   168 |   293 ||   604
       Kick              |    18 |    10 |       ||    28
       Tailslap          |    11 |     7 |     4 ||    22
       Headbutt          |     6 |     7 |       ||    13
       Punch             |     3 |     1 |     1 ||     5
 Cast: Beastly Appendage |    22 |    17 |       ||    39
       Spider Form       |     3 |    10 |     4 ||    17
       Ice Form          |       |     4 |    29 ||    33
Invok: Sacrifice Drink   |       |       |     1 ||     1
Evoke: Wand              |       |       |     2 ||     2
  Use: Scroll            |     6 |     3 |    12 ||    21
 Stab: Distracted        |       |     1 |       ||     1
       Sleeping          |       |     1 |       ||     1
Armor: Skin              |    31 |    54 |    85 ||   170
Dodge: Dodged            |    78 |   138 |   139 ||   355

Table legend: (Time is in decaauts)
 A = Elapsed time spent in this place.
 B = Non-inter-level travel time spent in this place.
 C = Inter-level travel time spent in this place.
 D = Time resting spent in this place.
 E = Time spent auto-exploring this place.
 F = Levels seen in this place.
 G = Mean time per level.
                   A        B        C        D        E       F      G
               +--------+--------+--------+--------+--------+-----+--------+
         Total |  11377 |  10734 |    643 |    685 |   8505 |   9 | 1264.1 |
       Dungeon |  11288 |  10681 |    607 |    685 |   8462 |   8 | 1411.0 |
        Temple |     88 |     53 |     35 |      0 |     43 |   1 |   88.0 |
               +--------+--------+--------+--------+--------+-----+--------+

Top non-repeatable levels by time:
     D:2: 1811 daAuts
     D:4: 1718 daAuts
     D:7: 1704 daAuts
     D:1: 1354 daAuts
     D:5: 1304 daAuts
     D:6: 1238 daAuts
     D:3: 1108 daAuts
     D:8: 1048 daAuts
  Temple: 88 daAuts
